 Dungeon Crawl Stone Soup version 0.31.0-1-g2c135a0 (webtiles) character file.

Game seed: 13237203594642600874

126 flinslave4 the Firebug (level 4, 0/35 HPs)
             Began as a Draconian Fire Elementalist on Feb 1, 2024.
             Was an Initiate of Vehumet.
             Slain by a gnoll
             ... wielding a +2 whip of flaming
              (8 damage)
             ... on level 3 of the Dungeon.
             The game lasted 00:13:11 (1506 turns).

flinslave4 the Firebug (DrFE)                       Turns: 1506, Time: 00:13:12

Health: 0/35       AC:  5    Str: 10    XL:     4   Next: 84%
Magic:  7/7        EV: 12    Int: 18    God:    Vehumet [......]
Gold:   41         SH:  0    Dex: 11    Spells: 6/7 levels left

rFire   . . .        s - +1 dagger (speed)
rCold   . . .        (no shield)
rNeg    . . .        (body armour unavailable)
rPois   .            (helmet restricted)
rElec   .            (no cloak)
rCorr   .            (no gloves)
SInv    .            (no boots)
Will    .....        (no amulet)
Stlth   ++           (no ring)
HPRegen 0.25/turn    (no ring)
MPRegen 0.10/turn

%: no passive effects
@: no status effects
A: AC +5, unfitting armour, cold-blooded
a: Renounce Religion


You were on level 3 of the Dungeon.
You worshipped Vehumet.
Vehumet was noncommittal.
You visited 1 branch of the dungeon, and saw 3 of its levels.

You collected 41 gold pieces.

Inventory:

Hand Weapons
 e - a +0 mace
 f - a +0 mace
 h - a +0 hand axe of electrocution
 k - a +0 dagger
 s - a +1 dagger of speed (weapon)
 t - a +2 dagger of freezing
Missiles
 g - 17 stones
 j - 5 javelins
 n - a throwing net
 u - 2 atropa-tipped darts
Armour
 l - a +0 scale mail
 r - a +0 robe
 v - an orb of guile
Scrolls
 b - 2 scrolls of identify {unknown}
 q - a scroll of silence {unknown}
 w - a scroll of fear {unknown}
Potions
 a - 2 potions of magic
 c - a potion of curing {unknown}
 d - 2 potions of might {unknown}
 i - a potion of heal wounds {unknown}
 m - a potion of ambrosia {unknown}
 o - 3 potions of resistance {unknown}
 p - 3 potions of degeneration {unknown}


   Skills:
 + Level 1.4 Fighting
 + Level 2.2 Axes
 + Level 0.2(1.3) Maces & Flails
 + Level 2.7 Dodging
 + Level 1.8 Stealth
 + Level 2.1 Spellcasting
 + Level 1.0 Conjurations
 + Level 3.8 Fire Magic


You had 6 spell levels left.
You knew the following spells:

 Your Spells              Type           Power      Damage    Failure   Level
a - Foxfire               Conj/Fire      40%        2x1d6     7%          1

Your spell library contained the following spells:

 Spells                   Type           Power      Damage    Failure   Level
 Scorch                   Fire           30%        2d6       5%          2
 Inner Flame              Hex/Fire       8%         N/A       24%         3
 Volatile Blastmotes      Fire/Tloc      16%        2d11      24%         3
 Flame Wave               Conj/Fire      10%        2d6       54%         4


Dungeon Overview and Level Annotations

Branches:
Dungeon (3/15)

Altars:
Vehumet


Innate Abilities, Weirdness & Mutations

Your plain brown scales are hard. (AC +5)
You cannot fit into any form of body armour.
You are cold-blooded and may be slowed by cold attacks.


Message History

You see here a scroll labelled HELOCZ EPPYUGE.
The gnoll shouts!
A quokka comes into view.
The gnoll hits you with a +0 spear.
You barely miss the gnoll. You tail-slap the gnoll.
The gnoll is moderately wounded.
The gnoll barely misses you.
You closely miss the gnoll. You tail-slap the gnoll.
The gnoll is heavily wounded.
The gnoll hits you with a +0 spear.
You hit the gnoll.
Your tail-slap misses the gnoll.
The gnoll is heavily wounded.
You hit the gnoll but do no damage. You tail-slap the gnoll.
The gnoll is almost dead.
The gnoll hits you with a +0 spear.
You hit the gnoll.
You kill the gnoll!
Vehumet accepts your kill.
You hit the gnoll.
The gnoll is moderately wounded.
You closely miss the gnoll.
The gnoll is moderately wounded.
The gnoll hits you with a +2 whip of flaming.
The gnoll burns you.
You closely miss the gnoll.
The gnoll is moderately wounded.
The gnoll hits you with a +2 whip of flaming.
* * * LOW HITPOINT WARNING * * *
The gnoll burns you.
* * * LOW HITPOINT WARNING * * *
You closely miss the gnoll.
You tail-slap the gnoll, but do no damage.
The gnoll is moderately wounded.
You hit the gnoll but do no damage. You tail-slap the gnoll.
The gnoll is severely wounded.
The gnoll barely misses you.
You hit the gnoll.
The gnoll is severely wounded.
The gnoll hits you with a +2 whip of flaming!
You die...

.# ... #.# #.#
######## #.#
#.?@grg# ####.#
#.####.# .....#
#.#
###..#########.##
#...........†...#
..#..#########>.#
......# #..#
##..... .....
##...## ....###


You could see 2 gnolls and a quokka.

Vanquished Creatures
  Jessica (D:2)
  A gnoll (D:3)
  5 adders (D:2)
  2 ribbon worms (D:2)
  A bat (D:2)
  7 endoplasms
  2 giant cockroaches
  A goblin (D:1)
  4 hobgoblins
  A jackal (D:2)
  4 kobolds
  2 quokkas
  3 ball pythons
  6 frilled lizards
  4 rats
44 creatures vanquished.

Vanquished Creatures (others)
  A foxfire (D:1)
1 creature vanquished.

Grand Total: 45 creatures vanquished

Notes
Turn   | Place    | Note
-------+----------+-------------------------------------------
     0 | D:1      | flinslave4 the Draconian Fire Elementalist began the quest
                  | for the Orb.
     0 | D:1      | Reached XP level 1. HP: 14/14 MP: 3/3
   330 | D:1      | Reached XP level 2. HP: 15/20 MP: 5/5
   719 | D:2      | HP: 1/20 [poisoned by an adder]
   870 | D:2      | Reached skill level 1 in Axes
   870 | D:2      | Reached XP level 3. HP: 26/26 MP: 6/6
   979 | D:2      | Reached XP level 4. HP: 18/34 MP: 7/7
  1026 | D:2      | Noticed Jessica
  1122 | D:2      | Killed Jessica
  1123 | D:2      | Reached skill level 1 in Fighting
  1362 | D:3      | Found a radiant altar of Vehumet.
  1365 | D:3      | Became a worshipper of Vehumet
  1506 | D:3      | Slain by a gnoll

Illustrated notes

Levels and vault maps discovered:
D:1:      dpeg_arrival_arbitrary_b, layout_loops_cross, minmay_misc_feat_rugged,
          minmay_fountain_box, minmay_lizard_king
D:2:      layout_loops_ring, minmay_hexomino_c4, uniq_jessica, uniq_sigmund
D:3:      layout_loops_corners, vehumet_crystals, zin_treasury,
          hellmonk_ecumenical_altar_crossroads

Skill      XL: |  1  2  3  4 |
---------------+-------------+-----
Dodging        | 2 |  2.7
Axes           | 1 2 |  2.2
Fighting       | 1 |  1.4
Maces & Flails | |  0.2
Stealth        | |  1.8
Spellcasting   | |  2.1
Conjurations   | |  1.0
Fire Magic     | |  3.8

Action                     |  1- 3 |  4- 6 || total
---------------------------+-------+-------++-------
  Melee: Hand axe          |    67 |    29 ||    96
         Mace              |     6 |       ||     6
         Unarmed           |     4 |       ||     4
         Tailslap          |    12 |    10 ||    22
         Punch             |     1 |       ||     1
         Dagger            |       |    36 ||    36
   Cast: Foxfire           |     1 |       ||     1
   Stab: Sleeping          |       |     1 ||     1
 Armour: Skin              |    42 |    51 ||    93
  Dodge: Dodged            |    54 |    44 ||    98
